 Dungeon Crawl Stone Soup version 0.32-a0-696-g5fa0bccb63 (webtiles) character file.

Game seed: 1850301771034678585

55 Gargoyl the Trooper (level 3, -8/24 HPs)
             Began as a Gargoyle Berserker on Mar 13, 2024.
             Was a Believer of Trog.
             Mangled by Sigmund
             ... wielding a +0 heavy scythe
              (12 damage)
             ... on level 2 of the Dungeon.
             The game lasted 00:02:08 (1453 turns).

Gargoyl the Trooper (Gargoyle Berserker)            Turns: 1453, Time: 00:02:08

Health: -8/24      AC:  8    Str: 20    XL:     3   Next: 93%
Magic:  3/3        EV: 10    Int:  7    God:    Trog [**....]
Gold:   62         SH:  0    Dex: 11    Spells: 2/2 levels left

rFire   . . .        a - +1 hand axe
rCold   . . .        (no shield)
rNeg    + . .        e - +0 ring mail
rPois   ∞            (no helmet)
rElec   +            (no cloak)
rCorr   .            (no gloves)
SInv    .            (no boots)
Will    .....        (no amulet)
Stlth   +            (no ring)
HPRegen 0.24/turn    (no ring)
MPRegen 0.08/turn

%: no passive effects
@: on berserk cooldown, slowed, very slow
A: sickness immunity, AC +3, negative energy resistance 1, electricity
resistance, torment resistance 1, petrification resistance
a: Renounce Religion, Berserk, Trog's Hand


You were on level 2 of the Dungeon.
You worshipped Trog.
Trog was pleased with you.
You visited 1 branch of the dungeon, and saw 2 of its levels.

You collected 62 gold pieces.

Inventory:

Hand Weapons
 a - a +1 hand axe (weapon)
Missiles
 h - 8 poisoned darts (quivered)
Armour
 e - a +0 ring mail (worn)
Scrolls
 b - a scroll of fear
 d - 2 scrolls of noise
 i - a scroll of teleportation
 j - a scroll of poison
Potions
 c - a potion of magic {unknown}
 f - a potion of berserk rage {unknown}
 g - a potion of curing {unknown}


   Skills:
 + Level 4.0 Fighting
 + Level 3.2 Axes
 + Level 2.4 Armour
 + Level 2.1 Dodging
 + Level 0.2 Stealth


You had 2 spell levels left.
You didn't know any spells.
Your spell library was empty.

Dungeon Overview and Level Annotations

Branches:
Dungeon (2/15)

Altars:
Yredelemnul

Annotations:
D:2 Sigmund


Innate Abilities, Weirdness & Mutations

You are immune to sickness and miasma.
Your stone body is resilient. (AC +3)
You are immune to poison.
You resist negative energy. (rN+)
You are resistant to electric shocks. (rElec)
You are resistant to unholy torment.
You are immune to petrification.


Message History

Robin is moderately wounded.
You hit the goblin.
You kill the goblin!
Trog accepts your kill.
You hit the hobgoblin.
You kill the hobgoblin!
Trog accepts your kill.
You slash the goblin!
You kill the goblin!
Trog accepts your kill.
A goblin comes into view. It is wielding a +0 dagger.
Robin throws the goblin at you!
You hit Robin.
Robin is severely wounded.
You hit the goblin.
You kill the goblin!
Trog accepts your kill. Robin hits you but does no damage.
Unknown command.
You barely miss Robin.
Robin is severely wounded.
Unknown command.
You slash Robin!
You kill Robin!
Trog accepts your kill. Something hits you!
* * * LOW HITPOINT WARNING * * *
Your Fighting skill increases to level 4!
Unknown command.
You slash the goblin!
You kill the goblin!
Trog accepts your kill.
Unknown command.
You swing at nothing.
You feel a strong urge to attack something.
You are no longer berserk.
You are exhausted.
You feel yourself slow down. Something hits you!
Ouch! That really hurt!
You die...

*,,,,,,,,*#...§.§### #....
***,,,,**#.........# ####....
*,,,,,,**,..#......# #.......
****,*,,,,,,,#.#.....## #.......
*,,,,,*,#,,,*#.....#.#####.......
*,,,,,,,#.#,*#.....#.............
*,,,,,,,..<.###g...#..###........
*,,,,,,**#....)))..#....#........
*,,,,,,* #....).@.....#.#........
******,* #...#†###.##...#........
,,* *,* #.,,#.,,#......#....♣.♣÷
,,****,* *,,,##*,###.......♣.....
,,*,,,,***,,,*,,,######...#......
,,*,*,,,,,,,,*,,..........♣......
,,*,*,***,,,,,,,#########.#......
,,,,*,* *,,,,,*,* #...♣......
,,,,,,* ***,*,*,* #.#.#......


You could see a goblin (strong).

Vanquished Creatures
  Robin (D:2)
  7 bats
  3 endoplasms
  6 hobgoblins
  2 jackals (D:1)
  3 kobolds
  A quokka (D:2)
  3 ball pythons
  2 frilled lizards (D:1)
  11 goblins
  A rat (D:2)
40 creatures vanquished.

Notes
Turn   | Place    | Note
-------+----------+-------------------------------------------
     0 | D:1      | Gargoyl the Gargoyle Berserker began the quest for the Orb.
     0 | D:1      | Reached XP level 1. HP: 14/14 MP: 1/1
   242 | D:1      | Reached XP level 2. HP: 10/19 MP: 2/2
  1034 | D:2      | Reached XP level 3. HP: 22/24 MP: 3/3
  1102 | D:2      | Found a basalt altar of Yredelemnul.
  1437 | D:2      | Noticed Robin
  1441 | D:2      | Noticed Sigmund
  1444 | D:2      | Reached ** piety under Trog
  1450 | D:2      | Killed Robin
  1451 | D:2      | Reached skill level 4 in Fighting
  1453 | D:2      | Mangled by Sigmund

Illustrated notes

Levels and vault maps discovered:
D:1:      dpeg_arrival_rhombi, layout_loops_corners
D:2:      layout_basic, serial_forest, infiniplex_forest_lined_2,
          infiniplex_forest_lined_ring, infiniplex_forest_corner_2,
          infiniplex_forest_pool, infiniplex_forest_lined_room_3,
          infiniplex_forest_straight_1, infiniplex_forest_zigzag_1, basic_altar,
          chequers_serial_rivers_small_b, uniq_sigmund, uniq_robin

Skill      XL: |  1  2  3 |
---------------+----------+-----
Axes           | 3 |  3.2
Dodging        | 2 |  2.1
Fighting       | 4 |  4.0
Armour         | |  2.4
Stealth        | |  0.2

Action                     || total
---------------------------++-------
  Melee: Hand axe          ||    82
 Invoke: Berserk           ||     2
    Use: Scroll            ||     7
   Stab: Sleeping          ||     1
 Armour: Animal skin       ||    53
         Ring mail         ||    35
  Dodge: Dodged            ||    63

Table legend: (Time is in decaauts)
 A = Elapsed time spent in this place.
 B = Non-inter-level travel time spent in this place.
 C = Inter-level travel time spent in this place.
 D = Time resting spent in this place.
 E = Time spent auto-exploring this place.
 F = Levels seen in this place.
 G = Mean time per level.
                   A        B        C        D        E       F      G
               +--------+--------+--------+--------+--------+-----+--------+
         Total |   1474 |   1421 |     53 |      0 |   1117 |   2 |  737.0 |
       Dungeon |   1474 |   1421 |     53 |      0 |   1117 |   2 |  737.0 |
               +--------+--------+--------+--------+--------+-----+--------+

Top non-repeatable levels by time:
     D:1: 989 daAuts
     D:2: 485 daAuts
